 Dungeon Crawl Stone Soup version 0.21-a0-88-g13b9641 (webtiles) character file.

7657 HAL9000 the Basher (level 11, -2/117 HPs)
             Began as an Ogre Hunter on June 25, 2017.
             Was a Believer of Trog.
             Slain by Erica
             ... wielding a +3 scimitar of flaming
              (9 damage)
             ... on level 1 of the Lair of Beasts on June 26, 2017.
             The game lasted 00:30:14 (17182 turns).

HAL9000 the Basher (Ogre Hunter)                   Turns: 17182, Time: 00:30:15

Health: -2/117     AC:  5    Str: 21    XL:     11   Next: 18%
Magic:  11/11      EV: 12    Int: 12    God:    Trog [**....]
Gold:   476        SH:  0    Dex:  9    Spells: 10/10 levels left

rFire    . . .     SeeInvis .   x - +0 morningstar
rCold    + . .     Gourm    .   (no shield)
rNeg     . . .     Faith    .   T - +2 robe {Archmagi}
rPois    .         Spirit   .   (helmet restricted)
rElec    .         Reflect  .   (no cloak)
rCorr    .         Harm     .   (gloves unavailable)
MR       +....                  (boots unavailable)
Stlth    ++........             (no amulet)
HPRegen  0.29/turn              C - ring of protection from cold
MPRegen  0.12/turn              N - ring of stealth

@: lethally poisoned (-2 -> -7), berserk cooldown, slowed, very slow
A: unfitting armour, tough skin 1
a: Berserk, Trog's Hand, Burn Spellbooks, Renounce Religion


You were on level 1 of the Lair of Beasts.
You worshipped Trog.
Trog was pleased with you.
You were very hungry.

You visited 3 branches of the dungeon, and saw 11 of its levels.
You also visited: Ossuary.

You collected 476 gold pieces.

Inventory:

Hand Weapons
 x - a +0 morningstar (weapon)
Missiles
 c - a large rock (quivered)
 d - 3 throwing nets
Armour
 T - a +2 robe of the Archmagi (worn)
Jewellery
 C - a ring of protection from cold (left hand)
 N - a ring of stealth (right hand)
Wands
 B - a wand of random effects (15/48)
 L - a wand of random effects (29/48)
 X - a wand of lightning (4/15)
Scrolls
 g - 3 scrolls of fear
 h - 5 scrolls of teleportation
 k - 4 scrolls of recharging {unknown}
 m - a scroll of noise {unknown}
 q - 3 scrolls of remove curse
 u - 2 scrolls of blinking {unknown}
 y - a scroll of random uselessness {unknown}
 H - 2 scrolls of immolation {unknown}
 O - a scroll of brand weapon {unknown}
 P - a scroll of silence {unknown}
 R - a scroll of enchant weapon {unknown}
 Z - a scroll of magic mapping {unknown}
Potions
 o - 3 potions of might
 s - a potion of cancellation {unknown}
 w - 4 potions of berserk rage
 D - 3 potions of haste
 E - 2 potions of curing
 F - 3 potions of flight
 M - 2 potions of resistance {unknown}
 Q - 3 potions of agility {unknown}
 S - a potion of ambrosia {unknown}
Books
 U - a book of Battle

   Spells                             Type                      Level
   a - Infusion                       Charms                       1
   b - Shroud of Golubria             Charms/Translocation         2
   c - Song of Slaying                Charms                       2
   d - Spectral Weapon                Hexes/Charms                 3
   e - Regeneration                   Charms/Necromancy            3
   Trog disapproves of the use of such an item.
 W - a book of Air

   Spells                             Type                      Level
   a - Shock                          Conjuration/Air              1
   b - Swiftness                      Charms/Air                   2
   c - Static Discharge               Conjuration/Air              3
   d - Airstrike                      Air                          4
   e - Lightning Bolt                 Conjuration/Air              5
   Trog disapproves of the use of such an item.
Comestibles
 f - 4 bread rations
 A - 2 royal jellies
 Y - a chunk of flesh


   Skills:
 - Level 10.0 Fighting
 + Level 12.6 Maces & Flails
 - Level 4.0 Throwing
 + Level 5.5 Dodging
 - Level 0.6 Stealth


You had 10 spell levels left.
You didn't know any spells.

Dungeon Overview and Level Annotations

Branches:
Dungeon (9/15)             Temple (1/1) D:4            Lair (1/6) D:8
    Orc: D:9-12

Altars:
Ashenzari
Cheibriados
Dithmenos
Elyvilon
Fedhas
Gozag
Hepliaklqana
Kikubaaqudgha
Makhleb
Nemelex Xobeh
Okawaru
Qazlal
Ru
Sif Muna
Trog
Uskayaw
Vehumet
Wu Jian
Xom
Yredelemnul
The Shining One

Shops:
D:6 }

Annotations:
Lair:1 Erica


Innate Abilities, Weirdness & Mutations

You are too large for most types of armour.
You have tough skin. (AC +1)


Message History

Deactivating autopickup; reactivate with Ctrl-A.
You puncture something!
You are no longer berserk.
You are exhausted.
You feel yourself slow down.
You feel sick.
You barely miss something.
You feel sick. Something hits you.
* * * LOW HITPOINT WARNING * * *
Something burns you.
* * * LOW HITPOINT WARNING * * *
You are feeling very hungry.
You closely miss something.
You feel sick. Something hits you!
* * * LOW HITPOINT WARNING * * *
Something burns you.
* * * LOW HITPOINT WARNING * * *
You closely miss something.
You feel sick. Something hits you.
* * * LOW HITPOINT WARNING * * *
Something burns you.
* * * LOW HITPOINT WARNING * * *
You completely miss something.
You feel sick. Something hits you!
You die...

#########
###.......####
##............###
#...............##
.#................#
...(.....[........###
.#.P#.....@{(...(##
#..########..#### #.
#..## ## #..## #HF#
...# ...# ...> ...


There were no monsters in sight!

Vanquished Creatures
  Pikel (D:6)
  2 spiny frogs (Lair:1)
  3 komodo dragons (Lair:1)
  Grinder (D:3)
  The ghost of Goblin1989 the Insei, an amateur DsMo (D:4)
  Prince Ribbit (D:6)
  5 hippogriffs
  6 porcupines (D:8)
  A sky beast (D:5)
  An ice beast (D:7)
  A slave (D:6)
  2 black bears
  An eye of draining (D:5)
  A phantom (D:5)
  3 ogres
  A centaur (D:7)
  3 crocodiles
  A big kobold (D:7)
  4 bullfrogs
  A wyvern zombie (D:8)
  2 scorpions (D:6)
  4 killer bees (D:8)
  2 howler monkeys (D:8)
  7 bullfrog zombies
  A crimson imp (D:5)
  4 centaur zombies
  2 jellies
  4 hounds
  5 orc priests
  7 orc wizards
  4 iguanas
  8 worker ants
  3 hound zombies (Ossuary)
  A hound skeleton (D:8)
  16 mummies (Ossuary)
  Robin (D:2)
  5 worker ant zombies
  10 gnolls
  8 adders
  2 adder zombies (Ossuary)
  A worm (D:3)
  2 dart slugs
  7 leopard geckos
  23 orcs
  9 bats
  8 giant cockroaches
  10 goblins
  10 hobgoblins
  6 jackals
  15 kobolds
  5 quokkas
  2 ball pythons
  2 frilled lizards
  2 jackal zombies
  2 leopard gecko zombies (Ossuary)
  2 quokka zombies
  10 rats
252 creatures vanquished.

Vanquished Creatures (others)
  3 slaves (D:6)
  36 fungi (D:8)
  10 plants (D:8)
  2 withered plants (Ossuary)
51 creatures vanquished.

Grand Total: 303 creatures vanquished

Notes
Turn   | Place    | Note
-------+----------+-------------------------------------------
     0 | D:1      | HAL9000 the Ogre Hunter began the quest for the Orb.
     0 | D:1      | Reached XP level 1. HP: 22/22 MP: 1/1
   336 | D:1      | Reached XP level 2. HP: 25/31 MP: 2/2
   388 | D:1      | Found a snail-covered altar of Cheibriados.
   898 | D:1      | Reached XP level 3. HP: 15/40 MP: 3/3
  1803 | D:2      | Found a shattered altar of Ashenzari.
  1927 | D:2      | Reached skill level 5 in Fighting
  1935 | D:2      | HP: 2/42 [hobgoblin/club (5)]
  1946 | D:2      | HP: 2/42 [hobgoblin/club (5)]
  2412 | D:2      | Reached XP level 4. HP: 42/50 MP: 4/4
  2593 | D:2      | Noticed Robin
  2640 | D:1      | Reached skill level 1 in Maces & Flails
  3079 | D:2      | Killed Robin
  3790 | D:3      | Reached skill level 2 in Maces & Flails
  3968 | D:3      | Noticed Grinder
  3970 | D:3      | Paralysed by Grinder for 3 turns
  4084 | D:2      | Reached XP level 5. HP: 36/57 MP: 5/5
  4236 | D:3      | Paralysed by Grinder for 4 turns
  4294 | D:3      | Killed Grinder
  4294 | D:3      | Reached skill level 4 in Maces & Flails
  4294 | D:3      | Reached XP level 6. HP: 65/66 MP: 6/6
  4640 | D:3      | Found a white marble altar of Elyvilon.
  4640 | D:3      | Found a burning altar of Makhleb.
  4654 | D:3      | Upgraded the game from 0.21-a0-85-ga0cb861 to 0.21-a0-88-g13b9641
  4776 | D:3      | Reached skill level 5 in Maces & Flails
  4910 | D:3      | Reached XP level 7. HP: 32/72 MP: 7/7
  5218 | D:3      | Found a faded altar of an unknown god.
  5300 | D:3      | Found an iron altar of Okawaru.
  5450 | D:4      | Found an opulent altar of Gozag.
  6334 | D:4      | Noticed Goblin1989's ghost (amateur DsMo)
  6343 | D:4      | Killed Goblin1989's ghost
  6343 | D:4      | Reached skill level 6 in Maces & Flails
  6909 | D:4      | Reached skill level 7 in Maces & Flails
  6959 | D:4      | Reached XP level 8. HP: 69/81 MP: 8/8
  7060 | D:4      | Found a staircase to the Ecumenical Temple.
  7071 | Temple   | Entered the Ecumenical Temple
  7989 | D:5      | Entered Level 5 of the Dungeon
  8532 | D:5      | Reached skill level 8 in Maces & Flails
  8783 | D:5      | Found a bloodstained altar of Trog.
  8801 | D:5      | Became a worshipper of Trog the Wrathful
  9242 | D:6      | Noticed Prince Ribbit
  9255 | D:6      | Killed Prince Ribbit
  9255 | D:6      | Reached XP level 9. HP: 45/93 MP: 9/9
  9459 | D:6      | Found a sand-covered staircase.
  9466 | Ossuary  | Entered an ossuary
  9472 | Ossuary  | Reached skill level 9 in Maces & Flails
  9713 | Ossuary  | Reached * piety under Trog
 10736 | D:6      | Found Tez Bid's Gadget Boutique.
 10781 | D:6      | Noticed a hand axe
 10782 | D:6      | Found a hide-covered altar of Uskayaw.
 10782 | D:6      | Noticed a dagger
 10786 | D:6      | Noticed Pikel
 10832 | D:6      | Killed Pikel
 10832 | D:6      | Reached skill level 10 in Maces & Flails
 11462 | D:6      | Reached ** piety under Trog
 11462 | D:6      | Reached XP level 10. HP: 25/107 MP: 10/10
 12360 | D:7      | Found a sacrificial altar of Ru.
 12488 | D:7      | Reached skill level 11 in Maces & Flails
 12491 | D:7      | Reached skill level 10 in Fighting
 14556 | D:8      | Found a staircase to the Lair.
 14892 | D:8      | Reached skill level 12 in Maces & Flails
 15821 | D:8      | Found a hazy altar of Hepliaklqana.
 15989 | Lair:1   | Entered Level 1 of the Lair of Beasts
 16139 | Lair:1   | Reached XP level 11. HP: 66/117 MP: 11/11
 16971 | Lair:1   | Reached skill level 5 in Dodging
 17168 | Lair:1   | Noticed Erica
 17182 | Lair:1   | Slain by Erica

Vault maps used:
D:1:      elethiomel_arrival_diamonds, minmay_misc_feat_iff, cheibriados_altar_1
D:2:      ashenzari_conservatory_becter, uniq_robin
D:3:      lemuel_crystal_altar, chequers_temple_overflow_statue_of_worship,
          chequers_ecumenical_altar_grove, first_bread, uniq_grinder
D:4:      minmay_temple_entry_grid, grunt_decor_one_mirror,
          grunt_gozag_breadcrumbs
D:5:      trog_eyes_of_draining
D:6:      dancing_weapons_uskayaw, serial_shops, shop,
          chequers_ossuary_entry_cave, wad_floor_pattern_1, uniq_prince_ribbit1,
          uniq_pikel
D:7:      nicolae_ru_path_of_blood
D:8:      lemuel_coloured_pillars_altar, due_lair_maze_entry_diamond
D:9:      zin_treasury, david_orc_1_choice, grunt_ministairs_8
Temple:   oiseaux_autumnal_temple
Lair:1:   lemuel_fruit_fields, uniq_erica
Ossuary:  ossuary_zaba_flooded

Skill      XL: |  1  2  3  4  5  6  7  8  9 10 11 |
---------------+----------------------------------+-----
Fighting       | 3 4 5 7 9 10 | 10.0
Maces & Flails | 2 4 5 7 8 10 12 | 12.6
Dodging        | 4 5 |  5.5
Throwing       | |  4.0
Stealth        | |  0.6

Action                   |  1- 3 |  4- 6 |  7- 9 | 10-12 || total
-------------------------+-------+-------+-------+-------++-------
Melee: Short sword       |   178 |   134 |       |       ||   312
       Morningstar       |       |    35 |   459 |   300 ||   794
Throw: Large rock        |     3 |    11 |    19 |     7 ||    40
       Throwing net      |       |       |     2 |       ||     2
Invok: Berserk           |       |       |       |     5 ||     5
       Trog's Hand       |       |       |       |     1 ||     1
  Use: Potion            |     2 |       |     2 |     1 ||     5
       Scroll            |       |       |     7 |     5 ||    12
 Stab: Sleeping          |     1 |       |     7 |     3 ||    11
  Eat: Chunk             |     5 |     8 |    16 |    15 ||    44
       Meat ration       |       |       |     1 |       ||     1
       Royal jelly       |       |       |       |     3 ||     3
       Fruit             |       |       |       |     1 ||     1
Armor: Robe              |    59 |    35 |    70 |    55 ||   219
Dodge: Dodged            |   115 |    93 |   235 |   171 ||   614
